[Event "Titled Tuesday Blitz December 06 Early 2022"]
[White "Rose, Felix"]
[Black "Seletsky, Grigory"]
[WhiteFideId "5105722"]
[BlackFideId "14112191"]
[WhiteElo "2039"]
[BlackElo "2492"]
[Result "0-1"]
[Round "07"]
[TimeControl "180+1"]
[Date "2022.12.07"]
[WhiteClock "0:00:09"]
[BlackClock "0:00:16"]

1. e4 c5 2. Nf3 d6 3. d4 cxd4 4. Nxd4 Nf6 5. Nc3 a6 6. Be3 e5 7. Nb3 Be6 8. f3 h5 9. Nd5 Nbd7 10. c4 Be7 11. Qd2 Bxd5 12. cxd5 O-O 13. Be2 Rc8 14. O-O Qc7 15. Rfc1 Qb8 16. Na5 Bd8 17. Qb4 Bxa5 18. Qxa5 Rxc1+ 19. Rxc1 Rc8 20. Rc3 Rxc3 21. Qxc3 Kf8 22. a4 Ke7 23. Kf2 Kd8 24. b4 Qc7 25. Qxc7+ Kxc7 26. a5 g6 27. h3 Kc8 28. Bd3 Ne8 29. g4 Ndf6 30. Kg3 Kd8 31. Kh4 Ke7 32. Kg5 Kf8 33. Kh6 Ng8+ 34. Kh7 Nef6+ 35. Kh8 Ne7 36. Bh6+ Ke8 37. Kg7 hxg4 38. fxg4 Nfg8 39. Be3 f5 40. gxf5 gxf5 41. exf5 Nxd5 42. Bg5 Nge7 43. Bxe7 Kxe7 44. b5 axb5 45. Bxb5 Nf6 46. h4 d5 47. a6 bxa6 48. Bxa6 e4 49. Bb7 d4 50. Bxe4 Nxe4 51. h5 Nf6 52. h6 d3 53. h7 Nxh7 54. Kxh7 Kf6 55. Kh6 d2 56. Kh5 d1=Q+ 0-1


[Site "https://www.chess.com"]

[Event "Titled Tuesday Blitz December 06 Early 2022"]
[White "Rosenberg, Evan S"]
[Black "Kirillov, Dmitry"]
[WhiteFideId "2019299"]
[BlackFideId "34180572"]
[WhiteElo "2356"]
[BlackElo "2111"]
[Result "1/2-1/2"]
[Round "07"]
[TimeControl "180+1"]
[Date "2022.12.07"]
[WhiteClock "0:00:07"]
[BlackClock "0:00:34"]

1. d4 d5 2. Nf3 e6 3. g3 Nf6 4. Bg2 Be7 5. O-O b5 6. a4 b4 7. c4 bxc3 8. Nxc3 O-O 9. Bf4 c5 10. dxc5 Bxc5 11. Rc1 Bb6 12. Nb5 Ne8 13. b4 a5 14. bxa5 Bxa5 15. Nfd4 Bd7 16. e4 dxe4 17. Bxe4 Ra6 18. Bb7 Rb6 19. Bg2 Ra6 20. Nb3 Nf6 21. Bb7 Rb6 22. Bc7 Qe7 23. Bxb6 Bxb6 24. Qd6 Qxd6 25. Nxd6 Bxa4 26. Nc5 Bxc5 27. Rxc5 Nbd7 28. Rc8 g6 29. Rxf8+ Kxf8 30. Ra1 Bb3 31. Ra8+ Kg7 32. Ne8+ Nxe8 33. Rxe8 Nf6 34. Rb8 Bd5 35. Bxd5 Nxd5 36. f4 h5 37. Kf2 Nf6 38. Kf3 Nd5 39. h3 Nf6 40. g4 hxg4+ 41. hxg4 Nd5 42. Rb7 Kf6 43. Rd7 Nb6 44. Rd1 Nd5 45. Rd3 Nb4 46. Rb3 Nd5 47. Ra3 g5 48. fxg5+ Kxg5 49. Ra7 Kf6 50. Ra8 Ne7 51. Kf4 Nd5+ 52. Kg3 Kg5 53. Rg8+ Kf6 54. Ra8 Kg6 55. Kh4 Nf6 56. Kg3 Nd5 57. Ra7 Kf6 58. Kf3 Nb4 59. Kf4 Nd5+ 60. Kf3 Nc3 61. Kf4 Nd5+ 62. Kf3 1/2-1/2


[Site "https://www.chess.com"]

[Event "Titled Tuesday Blitz December 06 Early 2022"]
[White "Sadhwani, Raunak"]
[Black "Sjugirov, Sanan"]
[WhiteFideId "35093487"]
[BlackFideId "4189302"]
[WhiteElo "2657"]
[BlackElo "2613"]
[Result "1-0"]
[Round "07"]
[TimeControl "180+1"]
[Date "2022.12.06"]
[WhiteClock "0:00:06"]
[BlackClock "0:00:02"]

1. e4 c5 2. Nf3 d6 3. Bb5+ Bd7 4. Bxd7+ Qxd7 5. c4 Nf6 6. Nc3 g6 7. d4 cxd4 8. Nxd4 Bg7 9. h3 O-O 10. Be3 Nc6 11. O-O a6 12. a4 Rac8 13. b3 Qd8 14. Rc1 Qa5 15. Qe2 Rfe8 16. Rfd1 Qb4 17. Qc2 Qa5 18. Nxc6 Rxc6 19. Bd4 Bh6 20. Rb1 e5 21. Be3 Bxe3 22. fxe3 b5 23. axb5 axb5 24. Rf1 Re6 25. Nd5 Nd7 26. Qf2 f6 27. Ra1 Qd8 28. cxb5 Rc5 29. b6 Nxb6 30. Nxf6+ Kg7 31. Ra7+ Rc7 32. Rxc7+ Qxc7 33. Nh5+ Kh6 34. Qh4 g5 35. Qg4 Qe7 36. Ng3 Kg6 37. Qh5+ Kg7 38. Nf5+ 1-0


[Site "https://www.chess.com"]

[Event "Titled Tuesday Blitz December 06 Early 2022"]
[White "Sadykov, Ramil"]
[Black "Jaskolka, Tomasz"]
[WhiteFideId "24113590"]
[BlackFideId "1170791"]
[WhiteElo "2579"]
[BlackElo "2446"]
[Result "0-1"]
[Round "07"]
[TimeControl "180+1"]
[Date "2022.12.07"]
[WhiteClock "0:00:01"]
[BlackClock "0:00:36"]

1. e4 e6 2. d3 c5 3. Nd2 Nc6 4. g3 g6 5. Bg2 Bg7 6. f4 Nge7 7. Ngf3 d5 8. e5 b6 9. O-O a5 10. Re1 a4 11. a3 b5 12. c4 bxc4 13. dxc4 O-O 14. Qc2 Nf5 15. cxd5 Qxd5 16. Ne4 Ncd4 17. Qxc5 Nb3 18. Qc3 Nxa1 19. g4 Nh6 20. Nf6+ Bxf6 21. exf6 Bb7 22. f5 Nxg4 23. fxe6 fxe6 24. Qb4 Nc2 25. Qxg4 Nxe1 26. Nxe1 Qc5+ 27. Be3 Qxe3+ 28. Kf1 Ba6+ 0-1


[Site "https://www.chess.com"]

[Event "Titled Tuesday Blitz December 06 Early 2022"]
[White "Sagita, Catur Adi"]
[Black "HSH1987"]
[WhiteFideId "7104618"]
[WhiteElo "2655"]
[BlackElo "2538"]
[Result "1-0"]
[Round "07"]
[TimeControl "180+1"]
[Date "2022.12.07"]
[WhiteClock "0:00:48"]
[BlackClock "0:00:05"]

1. d4 Nf6 2. c4 c5 3. Nf3 cxd4 4. Nxd4 g6 5. g3 Bg7 6. Bg2 O-O 7. O-O d5 8. cxd5 Nxd5 9. Nb3 Nb4 10. Bd2 N8c6 11. Nc3 Bf5 12. Nc5 Qb6 13. N3a4 Qb5 14. Qb3 Bc2 15. Bxc6 Qxc6 16. Qxb4 b6 17. Nb3 a5 18. Qa3 Rfd8 19. Be3 b5 20. Qc5 Qxc5 21. Naxc5 Bxb2 22. Nb7 Rdc8 23. N7xa5 Bxa1 24. Rxa1 Bxb3 25. Nxb3 Rc2 26. Nd4 Rcxa2 27. Rxa2 Rxa2 28. Nxb5 Rxe2 29. Nc3 Rc2 30. Nd5 Kf8 31. h4 h5 32. Kg2 f6 33. Nf4 Kf7 34. Kf3 e5 35. Nd3 Ke6 36. Ne1 Ra2 37. Ng2 f5 38. Ne1 Rb2 39. Kg2 e4 40. Kh3 Kf7 41. Ng2 Rb1 42. Nf4 Ra1 43. Kg2 Rb1 44. Nh3 Rb3 45. Ng5+ Kf6 46. Bd4+ Ke7 47. Kf1 Rd3 48. Be3 Rb3 49. Ke2 Rb2+ 50. Kd1 Ra2 51. Kc1 Kf6 52. Kb1 Re2 53. Nh3 Kf7 54. Nf4 Re1+ 55. Kc2 Ra1 56. Kc3 Ra4 57. Nd5 Ke6 58. Nb6 Ra1 59. Nc4 Ra2 60. Kd4 Ra4 61. Kc5 Ra2 62. Nd2 Rc2+ 63. Kb6 Ra2 64. Kc7 Rc2+ 65. Kd8 Kf7 66. Nb3 Rb2 67. Nd4 Rb8+ 68. Kd7 Ra8 69. Nc6 Ra2 70. Kd6 Ra6 71. Bd4 Ra2 72. Nd8+ Ke8 73. Ne6 Kf7 74. Ng5+ Kf8 75. Ke5 Ra6 76. Kf4 Rc6 77. Nh7+ Kf7 78. Kg5 Ra6 79. Kh6 Rd6 80. Ng5+ Kf8 81. Bc5 Kg8 82. Bxd6 e3 83. fxe3 1-0


[Site "https://www.chess.com"]

[Event "Titled Tuesday Blitz December 06 Early 2022"]
[White "Salinas Herrera, Pablo"]
[Black "Samaganova, Aleksandra"]
[WhiteFideId "3407128"]
[BlackFideId "13800221"]
[WhiteElo "2822"]
[BlackElo "2310"]
[Result "1-0"]
[Round "07"]
[TimeControl "180+1"]
[Date "2022.12.07"]
[WhiteClock "0:02:04"]
[BlackClock "0:00:56"]

1. e4 c5 2. Nf3 e6 3. d4 cxd4 4. Nxd4 a6 5. Be2 Qc7 6. O-O Nf6 7. Nc3 Nc6 8. Kh1 b6 9. Nxc6 dxc6 10. f4 Be7 11. e5 Nd5 12. Ne4 Bb7 13. c4 Nb4 14. a3 Rd8 15. Nd6+ Bxd6 16. exd6 Rxd6 17. Qb3 a5 18. axb4 axb4 19. c5 bxc5 20. Be3 Rd5 21. Bf3 Rd8 22. Bxc5 Ra8 23. Rxa8+ Bxa8 24. Qxb4 f6 25. Ra1 Kf7 26. Ra7 1-0


[Site "https://www.chess.com"]

[Event "Titled Tuesday Blitz December 06 Early 2022"]
[White "Salman, Pavel"]
[Black "Chigaev, Maksim"]
[WhiteFideId "24153753"]
[BlackFideId "4108116"]
[WhiteElo "2522"]
[BlackElo "2957"]
[Result "1-0"]
[Round "07"]
[TimeControl "180+1"]
[Date "2022.12.07"]
[WhiteClock "0:00:07"]
[BlackClock "0:00:03"]

1. Nf3 Nf6 2. g3 g6 3. Bg2 Bg7 4. O-O O-O 5. d3 c5 6. Nbd2 Nc6 7. e4 d6 8. c3 b5 9. a3 a5 10. Qe2 Rb8 11. Rd1 b4 12. axb4 axb4 13. Nc4 Bg4 14. h3 Bxf3 15. Bxf3 Nd7 16. Bd2 Nb6 17. Ne3 Qc7 18. Bg2 e6 19. Kh1 Nd7 20. f4 bxc3 21. bxc3 Rb2 22. Nc4 Bxc3 23. Nxb2 Bxb2 24. Ba5 Nxa5 25. Qxb2 Rb8 26. Qc3 Nb3 27. Rab1 Nd4 28. Kh2 h5 29. Qe1 Ra8 30. Rb2 Ra3 31. Qe3 Nb6 32. Qc1 Qa7 33. Rxb6 Qxb6 34. Qxa3 h4 35. gxh4 Qd8 36. Qc1 Qxh4 37. Qe3 e5 38. Qg3 Qh5 39. Qg4 Qh6 40. fxe5 dxe5 41. Rf1 Qf8 42. h4 Kg7 43. h5 Qh8 44. Qg5 Qxh5+ 45. Qxh5 gxh5 46. Rc1 Kg6 47. Rxc5 f6 48. Bh3 Kg5 49. Kg2 Ne2 50. Ra5 Nf4+ 51. Kg3 h4+ 52. Kh2 Nxd3 53. Bf1 Nf2 54. Ra4 Ng4+ 55. Kg1 Ne3 56. Kf2 Ng4+ 57. Kf3 Nh2+ 58. Kg2 Ng4 59. Be2 Nh6 60. Ra8 Nf7 61. Kf3 Nd6 62. Rg8+ Kh6 63. Rh8+ Kg5 64. Ke3 Nb5 65. Bxb5 f5 66. exf5 1-0


[Site "https://www.chess.com"]

[Event "Titled Tuesday Blitz December 06 Early 2022"]
[White "Saravana, Krishnan P."]
[Black "Yuan, Qingyu"]
[WhiteFideId "5018382"]
[BlackFideId "8609772"]
[WhiteElo "2509"]
[BlackElo "2718"]
[Result "0-1"]
[Round "07"]
[TimeControl "180+1"]
[Date "2022.12.07"]
[WhiteClock "0:00:14"]
[BlackClock "0:00:12"]

1. e4 e5 2. Nf3 Nc6 3. Bb5 Nf6 4. d3 Bc5 5. Bxc6 dxc6 6. Nbd2 Qe7 7. Qe2 Nd7 8. b3 f6 9. Bb2 Bd6 10. Nc4 c5 11. Ne3 Nb6 12. c4 Be6 13. a4 a5 14. Bc3 Nd7 15. Nh4 g6 16. g3 Nb8 17. Nd5 Qf7 18. f4 Nc6 19. O-O Nd4 20. Bxd4 cxd4 21. fxe5 Bxe5 22. Nf3 Qg7 23. Qf2 O-O 24. Nxd4 Bh3 25. Rfe1 Rad8 26. Rac1 c6 27. Nf3 cxd5 28. exd5 Bb8 29. d4 Rfe8 30. Rxe8+ Rxe8 31. Re1 Qf7 32. Rxe8+ Qxe8 33. c5 Bc7 34. d6 Bd8 35. Qd2 Qe4 36. Kf2 g5 37. Ne1 Be6 38. Qe3 Qxe3+ 39. Kxe3 Bxb3 40. Ke4 Bxa4 41. d5 Bd7 42. Kd4 f5 43. Nd3 Bf6+ 44. Kc4 Kf7 45. Nc1 f4 46. gxf4 gxf4 47. Ne2 f3 48. Ng3 Kg6 49. Ne4 Be5 50. h3 Kf5 51. Kd3 Kf4 52. Nf2 Bb5+ 53. Kd2 Bd4 54. Nd3+ Bxd3 55. d7 Bf6 56. Kxd3 Kg3 57. c6 bxc6 58. dxc6 Bd8 59. c7 Bxc7 60. Ke4 Bd8 61. Kd5 f2 62. Kc6 f1=Q 63. Kb7 Qb5+ 64. Kc8 Qb6 65. h4 Qc7# 0-1


[Site "https://www.chess.com"]

[Event "Titled Tuesday Blitz December 06 Early 2022"]
[White "Sargissyan, Sargis"]
[Black "Osmonbekov, Talaibek"]
[WhiteFideId "13303210"]
[BlackFideId "2017253"]
[WhiteElo "2109"]
[BlackElo "2135"]
[Result "0-1"]
[Round "07"]
[TimeControl "180+1"]
[Date "2022.12.07"]
[WhiteClock "0:00:02"]
[BlackClock "0:00:22"]

1. e4 c5 2. Nf3 d6 3. d4 cxd4 4. Nxd4 Nf6 5. Nc3 g6 6. Be3 Bg7 7. f3 O-O 8. Qd2 Nc6 9. O-O-O d5 10. exd5 Nxd5 11. Nxc6 bxc6 12. Bd4 e5 13. Bc5 Re8 14. Bc4 Be6 15. Ne4 Qc7 16. h4 Red8 17. Qe1 h6 18. g4 Rab8 19. Bb3 a5 20. Rh2 a4 21. Bxa4 f5 22. gxf5 gxf5 23. Nd2 e4 24. Bb3 Qxh2 25. fxe4 Nf4 26. Bxe6+ Nxe6 27. Ba3 Nd4 28. exf5 Ne2+ 29. Kb1 Nc3+ 30. Ka1 Nxd1 31. Qe6+ Kh8 32. f6 Bf8 33. f7 Qxd2 34. Qf6+ Bg7 35. f8=Q+ Rxf8 0-1


[Site "https://www.chess.com"]

[Event "Titled Tuesday Blitz December 06 Early 2022"]
[White "Sava, Christiansen-Danut-Eugen"]
[Black "Donskov, Anatoly"]
[WhiteFideId "1210114"]
[BlackFideId "24143413"]
[WhiteElo "1904"]
[BlackElo "2219"]
[Result "0-1"]
[Round "07"]
[TimeControl "180+1"]
[Date "2022.12.07"]
[WhiteClock "0:00:51"]
[BlackClock "0:00:14"]

1. d4 d5 2. c4 dxc4 3. Nc3 c6 4. e4 Nf6 5. e5 Nd5 6. Bxc4 e6 7. Nxd5 cxd5 8. Bd3 Nc6 9. Ne2 Be7 10. O-O O-O 11. a3 f5 12. b4 b6 13. Bb2 Kh8 14. Rc1 Bd7 15. Bb5 Nb8 16. Bxd7 Nxd7 17. Nf4 Rg8 18. Nxe6 Qb8 19. Nc7 Qb7 20. Nxa8 Rxa8 21. Qc2 g6 22. Qc7 Rb8 23. e6 Nf8 24. Qxb7 Rxb7 25. Rc8 Kg7 26. Rfc1 Nxe6 27. R1c6 Kf7 28. Rh8 Nf8 29. b5 Kg7 30. Rxf8 Kxf8 31. a4 Kf7 32. Kf1 Bf8 33. Bc1 Bg7 34. Be3 Rd7 35. g3 Bf8 36. Bf4 Bg7 37. Be5 Bf8 38. f4 Bb4 39. Ke2 Ke7 40. Kd3 Bd6 41. Kc3 Ba3 42. Kb3 Bd6 43. a5 bxa5 44. Ka4 Bb4 45. Ra6 Kf7 46. Bb8 Bc3 47. Rxa7 Ke6 48. Rxd7 Kxd7 49. Ba7 Kc8 50. Bb6 Kb7 51. Bc5 h6 52. Kb3 Be1 53. Kc2 Bf2 54. Kd3 Bg1 55. h3 h5 56. Ke2 a4 57. Kf1 Be3 58. Ke2 Bc1 59. Kf3 a3 60. Bb4 Bb2 61. Bxa3 Bxa3 62. g4 hxg4+ 63. hxg4 Bb2 64. gxf5 gxf5 65. Kg3 Bxd4 66. Kh4 Be3 67. Kg5 d4 68. Kxf5 d3 69. Ke4 d2 70. Kxe3 d1=Q 71. Ke4 Qb1+ 72. Ke5 Qxb5+ 73. Ke6 Kc7 74. f5 Kd8 75. f6 Ke8 76. f7+ Kf8 77. Kf6 Qd7 78. Ke5 Qxf7 79. Ke4 Ke7 80. Kd3 Qd5+ 81. Ke2 Ke6 82. Ke3 Ke5 83. Kf2 Qe4 84. Kg3 Qf4+ 85. Kg2 Ke4 0-1


[Site "https://www.chess.com"]

[Event "Titled Tuesday Blitz December 06 Early 2022"]
[White "Shuvalov, Evgenij"]
[Black "Pein, Jonathan"]
[WhiteFideId "4187237"]
[BlackFideId "417092"]
[WhiteElo "2517"]
[BlackElo "2420"]
[Result "0-1"]
[Round "07"]
[TimeControl "180+1"]
[Date "2022.12.07"]
[WhiteClock "0:00:05"]
[BlackClock "0:00:17"]

1. d4 d5 2. c4 e6 3. Nc3 Nf6 4. Bg5 Be7 5. cxd5 Nxd5 6. Bd2 Nxc3 7. Bxc3 O-O 8. Nf3 c5 9. dxc5 Bxc5 10. e3 Nc6 11. Bd3 Bb4 12. Rc1 Bxc3+ 13. Rxc3 e5 14. h3 Be6 15. a3 Qf6 16. Qc2 h6 17. Bh7+ Kh8 18. Be4 Bd7 19. O-O Qe7 20. Rd1 f5 21. Bd5 Rad8 22. Rc5 e4 23. Bxc6 exf3 24. Bxf3 Ba4 25. Qxa4 Rxd1+ 26. Qxd1 Qxc5 27. Bxb7 Rb8 28. Qd7 Qb6 29. Bf3 Qxb2 30. Qxf5 Qa1+ 31. Kh2 Qf6 32. Qd5 Rf8 33. a4 a6 34. Kg1 Qa1+ 35. Kh2 Qxa4 36. Qh5 Qe8 37. Qg4 Qb8+ 38. g3 Qe5 39. Kg2 a5 40. Qg6 Qf5 41. Qxf5 Rxf5 42. Bc6 Rc5 43. Bd7 Rc7 44. Be8 Rc4 45. Kf3 a4 46. Ke2 a3 47. Bf7 a2 48. Bxc4 a1=Q 49. Kf3 Qf6+ 50. Ke2 Qc6 51. Bd3 Qc5 52. Be4 Kg8 53. Kf3 Kf7 54. Kg2 Kf6 55. Bf3 Qe5 56. h4 Qe7 57. Bg4 g5 58. hxg5+ hxg5 59. Bf3 Qe5 60. g4 Qd6 61. Be4 Ke5 62. Bf3 Qd2 63. Kg1 Kd6 64. Kg2 Kc5 65. Kf1 Kc4 66. Be2+ Kc3 67. Bf3 Qd3+ 68. Be2 Qb1+ 69. Kg2 Kd2 70. Bf3 Ke1 71. Bd5 Qc2 72. Kh3 Qxf2 73. Bg2 Qxe3+ 74. Kh2 Kf2 75. Kh1 Qe1+ 76. Kh2 Qg1+ 77. Kh3 Qxg2# 0-1


[Site "https://www.chess.com"]

[Event "Titled Tuesday Blitz December 06 Early 2022"]
[White "Skliarov, Viktor"]
[Black "Zaragatski, Ilja"]
[WhiteFideId "14106736"]
[BlackFideId "4655192"]
[WhiteElo "2629"]
[BlackElo "2484"]
[Result "0-1"]
[Round "07"]
[TimeControl "180+1"]
[Date "2022.12.07"]
[WhiteClock "0:00:15"]
[BlackClock "0:00:05"]

1. e4 e6 2. d4 d5 3. e5 c5 4. c3 Nc6 5. Nf3 Nge7 6. a3 a5 7. Bd3 cxd4 8. cxd4 Nf5 9. Bxf5 exf5 10. Nc3 Be6 11. O-O Be7 12. Ne1 O-O 13. Be3 Qb6 14. Na4 Qb5 15. Nd3 b6 16. Rc1 Rfc8 17. Nc3 Qa6 18. Qd2 a4 19. Bg5 Bf8 20. Nf4 h6 21. Nfxd5 Nxd4 22. Bxh6 Bxd5 23. Qxd4 Bc4 24. Bg5 Bxf1 25. Rxf1 Qc4 26. Qd7 Rc7 27. Qxf5 Bxa3 28. bxa3 Qxc3 29. e6 fxe6 30. Qxe6+ Rf7 31. Qe4 Qa5 32. Bd2 Qa6 33. Bb4 b5 34. g3 Rc8 0-1


[Site "https://www.chess.com"]

[Event "Titled Tuesday Blitz December 06 Early 2022"]
[White "Stijve, Theo"]
[Black "Barria Zuniga, Daniel"]
[WhiteFideId "1331132"]
[BlackFideId "3400816"]
[WhiteElo "2499"]
[BlackElo "2654"]
[Result "0-1"]
[Round "07"]
[TimeControl "180+1"]
[Date "2022.12.07"]
[WhiteClock "0:00:11"]
[BlackClock "0:00:50"]

1. e4 c5 2. Nf3 Nc6 3. Nc3 e6 4. d4 cxd4 5. Nxd4 Qc7 6. Be3 a6 7. Be2 Na5 8. O-O b5 9. a4 b4 10. Nb1 Nc4 11. Bxc4 Qxc4 12. Nd2 Qc7 13. a5 Nf6 14. b3 Bb7 15. f3 Bd6 16. h3 Bh2+ 17. Kh1 Nh5 18. Bf2 Ng3+ 19. Bxg3 Bxg3 20. Nc4 O-O 21. Nb6 Rad8 22. Qd2 d5 23. exd5 Bxd5 24. Qxb4 Bd6 25. Nxd5 exd5 26. Qb6 Qc3 27. Rad1 Bc5 28. Ne2 Qxc2 29. Qxa6 Qxb3 30. Rb1 Qe3 31. Rfd1 d4 32. Qd3 Qe5 33. a6 Rfe8 34. Rb5 Kf8 35. Rc1 Qxe2 36. Qxe2 Rxe2 37. Rbxc5 d3 38. Rd1 d2 39. Kh2 Re1 40. Rxd2 Rxd2 41. Ra5 Re8 42. a7 Rdd8 43. Kg3 Ra8 44. h4 Re7 45. Rb5 Rexa7 46. h5 h6 47. Kg4 Kg8 48. f4 Ra5 49. Rb4 Ra4 50. Rb5 R4a5 51. Rb4 R8a6 52. Kh4 Ra4 53. Rb8+ Kh7 54. g3 Ra8 55. Rb7 R4a7 56. Rb5 g6 57. g4 gxh5 58. Kxh5 Ra5 59. Rxa5 Rxa5+ 0-1


[Site "https://www.chess.com"]

[Event "Titled Tuesday Blitz December 06 Early 2022"]
[White "Suduvasachmatai"]
[Black "Zaichenko, Daria"]
[BlackFideId "4197453"]
[WhiteElo "1958"]
[BlackElo "2039"]
[Result "1/2-1/2"]
[Round "07"]
[TimeControl "180+1"]
[Date "2022.12.07"]
[WhiteClock "0:00:17"]
[BlackClock "0:00:35"]

1. e4 c5 2. c3 d5 3. exd5 Qxd5 4. d4 cxd4 5. cxd4 Nc6 6. Nf3 Bg4 7. Be2 e6 8. Nc3 Bb4 9. O-O Bxc3 10. bxc3 Nf6 11. h3 Bh5 12. Ba3 Ne4 13. c4 Qa5 14. Qb3 O-O-O 15. Rad1 Bxf3 16. Bxf3 Nxd4 17. Qe3 Nxf3+ 18. Qxf3 f5 19. Qe3 Rxd1 20. Rxd1 Qa4 21. Rd3 Rd8 22. Rxd8+ Kxd8 23. f3 Nf6 24. Qd4+ Qd7 25. Qxa7 Ke8 26. Qb8+ Kf7 27. Qf8+ Kg6 28. Qd6 Qa4 29. Qg3+ Kf7 30. Qc7+ Kg6 31. Qg3+ Kf7 32. Qc7+ Kg6 33. Qg3+ 1/2-1/2


[Site "https://www.chess.com"]

[Event "Titled Tuesday Blitz December 06 Early 2022"]
[White "Sztokbant, Bernardo Vainzoff"]
[Black "Csonka, Balazs"]
[WhiteFideId "2115956"]
[BlackFideId "742910"]
[WhiteElo "2504"]
[BlackElo "2667"]
[Result "0-1"]
[Round "07"]
[TimeControl "180+1"]
[Date "2022.12.07"]
[WhiteClock "0:00:05"]
[BlackClock "0:00:03"]

1. e4 e5 2. Nf3 Nc6 3. Bb5 a6 4. Ba4 Nf6 5. O-O b5 6. Bb3 Bc5 7. Qe2 O-O 8. c3 d6 9. d3 h6 10. Nbd2 Be6 11. h3 Bb6 12. Re1 Re8 13. Bc2 d5 14. Nf1 Qd7 15. Be3 d4 16. cxd4 Nxd4 17. Bxd4 Bxd4 18. Bb3 Bxb3 19. axb3 Bb6 20. Ne3 g6 21. Red1 a5 22. Nh2 h5 23. Nf3 Rad8 24. Nh4 Re6 25. Nf3 Qe7 26. Rac1 Qb4 27. Rc3 Qe7 28. Rdc1 c5 29. h4 Red6 30. Ne1 Qd7 31. g3 Kf8 32. Kg2 Ba7 33. Ra1 Bb6 34. Rac1 Qe6 35. Qf3 Kg7 36. Qe2 Ng4 37. Nd5 Rxd5 38. exd5 Rxd5 39. Nf3 Qc6 40. Kg1 Qd6 41. Ng5 f5 42. Nf3 e4 43. dxe4 fxe4 44. Qxe4 c4 45. bxc4 Qxg3+ 46. Kh1 Nxf2# 0-1


[Site "https://www.chess.com"]

[Event "Titled Tuesday Blitz December 06 Early 2022"]
[White "Tarlabasi, Emirhan"]
[Black "Hansen, Eric"]
[WhiteFideId "6350275"]
[BlackFideId "2606771"]
[WhiteElo "2623"]
[BlackElo "2918"]
[Result "0-1"]
[Round "07"]
[TimeControl "180+1"]
[Date "2022.12.07"]
[WhiteClock "0:00:53"]
[BlackClock "0:02:29"]

1. Nf3 d5 2. c4 e6 3. b3 Nf6 4. Bb2 Be7 5. g3 O-O 6. Bg2 a5 7. Nc3 c6 8. d4 Nbd7 9. O-O b6 10. Qc2 Ba6 11. Nd2 Rc8 12. e4 b5 13. Ne2 bxc4 14. bxc4 Nb6 15. e5 Nfd7 16. Bc3 Nxc4 17. Nxc4 Bxc4 18. Rfe1 c5 19. Qd2 a4 20. Ba5 Qe8 21. Rab1 cxd4 22. Nxd4 Nc5 23. Bb4 Nd3 24. Bxe7 Qxe7 25. Re3 Nc5 26. Qb4 Qa7 27. Ree1 Nd3 0-1


[Site "https://www.chess.com"]

[Event "Titled Tuesday Blitz December 06 Early 2022"]
[White "Tarnowska, Aleksandra"]
[Black "Sakun, Volodymyr"]
[WhiteFideId "1180967"]
[BlackFideId "14114062"]
[WhiteElo "1776"]
[BlackElo "2319"]
[Result "0-1"]
[Round "07"]
[TimeControl "180+1"]
[Date "2022.12.07"]
[WhiteClock "0:00:05"]
[BlackClock "0:00:52"]

1. e4 c5 2. Nf3 e6 3. d4 cxd4 4. Nxd4 a6 5. Nc3 Qc7 6. Bd3 Nc6 7. Nb3 Nf6 8. O-O Bb4 9. Bd2 O-O 10. a3 Be7 11. Qe2 d6 12. Be3 b5 13. f4 Bb7 14. Nd4 Rfe8 15. Rae1 Bf8 16. h3 g6 17. Qf2 Bg7 18. f5 gxf5 19. exf5 e5 20. Nde2 e4 21. Bxe4 Nxe4 22. Nxe4 Rxe4 23. f6 Bf8 24. Qg3+ Kh8 25. Nf4 Ne5 26. c3 Re8 27. Nh5 Ng6 28. Bd2 Qc5+ 29. Kh1 Qxh5 30. Rxe4 Rxe4 31. Qd3 Ne5 32. Qg3 Rg4 33. Qh2 Rxg2 34. Qxg2 Bxg2+ 35. Kxg2 Qe2+ 36. Rf2 Qe4+ 37. Kg1 Nf3+ 38. Kf1 Qd3+ 0-1


[Site "https://www.chess.com"]

[Event "Titled Tuesday Blitz December 06 Early 2022"]
[White "Tasev, Dejan"]
[Black "Pakleza, Zbigniew"]
[WhiteFideId "936618"]
[BlackFideId "1119290"]
[WhiteElo "2575"]
[BlackElo "2794"]
[Result "0-1"]
[Round "07"]
[TimeControl "180+1"]
[Date "2022.12.07"]
[WhiteClock "0:00:11"]
[BlackClock "0:00:09"]

1. e4 d6 2. d4 Nf6 3. Nc3 c6 4. Nge2 b5 5. a3 e5 6. g3 Nbd7 7. Bg2 Bb7 8. O-O Be7 9. h3 a5 10. d5 O-O 11. dxc6 Bxc6 12. a4 bxa4 13. g4 Nc5 14. Ng3 Re8 15. Be3 Qb6 16. Ra2 Bf8 17. g5 Nfd7 18. Nf5 Qc7 19. Qg4 Rab8 20. h4 Rb4 21. h5 Nxe4 22. Nxe4 Bxe4 23. Bxe4 d5 24. f3 dxe4 25. fxe4 Qxc2 26. Nh6+ gxh6 27. gxh6+ Kh8 28. Qxd7 Qc8 29. Rxf7 Qxd7 30. Rxd7 Rxe4 31. Bg5 Rg4+ 32. Kf2 Rxg5 33. Rxa4 Bb4 34. Ra1 Rf8+ 35. Ke3 Rxh5 36. Rc1 Rxh6 37. Rcc7 Rh4 38. Rb7 Rg8 39. Kf2 Bc5+ 40. Kf3 Bd4 41. Rbc7 Bxb2 42. Rd5 a4 43. Ra5 a3 44. Ra8 Rxa8 0-1


[Site "https://www.chess.com"]

[Event "Titled Tuesday Blitz December 06 Early 2022"]
[White "Tay, Junior"]
[Black "Krzywda, Andrzej"]
[WhiteFideId "5800439"]
[BlackFideId "1114565"]
[WhiteElo "2216"]
[BlackElo "2149"]
[Result "1-0"]
[Round "07"]
[TimeControl "180+1"]
[Date "2022.12.07"]
[WhiteClock "0:00:50"]
[BlackClock "0:00:02"]

1. e4 c5 2. Nf3 d6 3. d4 cxd4 4. Qxd4 Nf6 5. e5 Nc6 6. Bb5 Qa5+ 7. Nc3 dxe5 8. Bxc6+ bxc6 9. Nxe5 Bb7 10. Bd2 Rd8 11. Qe3 Qb6 12. Qe2 e6 13. O-O-O Be7 14. Be3 Rxd1+ 15. Rxd1 Qa5 16. Bg5 O-O 17. Bxf6 Bxf6 18. Nd7 Bg5+ 19. f4 Bxf4+ 20. Kb1 Rd8 21. Qe4 Qc7 22. Nf6+ gxf6 23. Rxd8+ Qxd8 24. Qxf4 c5 25. b3 Bc6 26. Kb2 Qd4 27. Qb8+ Kg7 28. Qxa7 Bxg2 29. a4 f5 30. Qe7 Kg6 31. Qf8 Be4 32. Qg8+ Kh6 33. Qxf7 Bd5 34. a5 f4 35. a6 f3 36. a7 f2 37. h4 Qxh4 38. Nxd5 Qd4+ 39. Ka2 Qxd5 40. Qf6+ Kh5 41. Qxf2 Qa8 42. Qh2+ Kg4 43. Qb8 1-0


[Site "https://www.chess.com"]

[Event "Titled Tuesday Blitz December 06 Early 2022"]
[White "Timofeev, Artyom"]
[Black "Belozerov, Andrei"]
[WhiteFideId "4140419"]
[BlackFideId "4120213"]
[WhiteElo "2586"]
[BlackElo "2360"]
[Result "1-0"]
[Round "07"]
[TimeControl "180+1"]
[Date "2022.12.06"]
[WhiteClock "0:00:59"]
[BlackClock "0:00:12"]

1. d4 d5 2. Nc3 Nf6 3. Bf4 c5 4. e3 cxd4 5. exd4 Bg4 6. f3 Bd7 7. Bd3 Nc6 8. Nge2 Nb4 9. g4 e6 10. h4 Qb6 11. h5 h6 12. Qd2 Rc8 13. O-O-O Qa5 14. Kb1 b5 15. Nc1 Qb6 16. Be5 Be7 17. Rdg1 Nc6 18. g5 hxg5 19. Rxg5 b4 20. N3e2 Bf8 21. Nf4 Nxe5 22. dxe5 Ng8 23. Qg2 Qe3 24. Rxg7 Qxf4 25. Rxg8 Qxe5 26. Rxh8 Qxh8 27. h6 Ke7 28. Qg5+ Qf6 29. f4 a5 30. Ne2 a4 31. Nd4 Qxg5 32. fxg5 e5 33. Nf5+ Bxf5 34. Bxf5 Rd8 35. a3 bxa3 36. bxa3 e4 37. Rf1 Kd6 38. Bg4 Be7 39. Rxf7 Bxg5 40. h7 Ke5 41. Rf5+ Kd4 42. Rxg5 Ke3 43. Rg8 1-0


[Site "https://www.chess.com"]

[Event "Titled Tuesday Blitz December 06 Early 2022"]
[White "Tologon tegin, Semetei"]
[Black "Miszler, Levente"]
[WhiteFideId "13800574"]
[BlackFideId "763276"]
[WhiteElo "2513"]
[BlackElo "2402"]
[Result "1-0"]
[Round "07"]
[TimeControl "180+1"]
[Date "2022.12.07"]
[WhiteClock "0:00:16"]
[BlackClock "0:00:06"]

1. e4 e6 2. d4 d5 3. e5 f6 4. Nf3 c5 5. c3 Nc6 6. Be2 Qc7 7. Bf4 fxe5 8. dxe5 g6 9. O-O Bg7 10. Re1 Nge7 11. Nbd2 O-O 12. Bg3 Nf5 13. c4 Nxg3 14. hxg3 d4 15. Bd3 Nxe5 16. Nxe5 Bxe5 17. f4 Bg7 18. Nf3 Bd7 19. Qd2 Rae8 20. Ne5 Bc6 21. g4 b6 22. g5 Ba8 23. g3 Rf5 24. Bxf5 exf5 25. Nd3 Re4 26. Nf2 Qb7 27. Nxe4 fxe4 28. Kh2 e3 29. Qe2 d3 30. Qf1 e2 31. Rxe2 dxe2 32. Qxe2 Qe4 33. Re1 Qxe2+ 34. Rxe2 Kf7 35. b3 Bd4 36. Kh3 Bf3 37. Re1 Bc6 38. g4 Bd7 39. Rf1 Bc6 40. f5 Be4 41. Kg3 Be5+ 42. Kh4 Bd4 43. Kg3 Be5+ 44. Kh4 Bd4 45. Kh3 Be5 46. Re1 Bc3 47. Rxe4 Bd4 48. f6 Bc3 49. Re7+ Kf8 50. Rxa7 Bd2 51. Kh4 Be1+ 52. Kh3 Bd2 53. Rxh7 Bxg5 54. Rb7 Bxf6 55. Rxb6 Bd4 56. Rxg6 Kf7 57. Rb6 1-0


[Site "https://www.chess.com"]